 Dungeon Crawl Stone Soup version 0.27-a0-522-g46bbb28828 (webtiles) character file.

Game seed: 15720328966456163695

350 CathedralCeilingFan the Spear-Bearer (level 6, -4/44 HPs)
             Began as a Merfolk Gladiator on Mar 4, 2021.
             Killed from afar by Natasha (8 damage)
             ... with a magic dart
             ... on level 3 of the Dungeon.
             The game lasted 00:02:33 (2842 turns).

CathedralCeilingFan the Spear-Bearer (MfGl)         Turns: 2842, Time: 00:02:34

Health: -4/44      AC:  4    Str: 14    XL:     6   Next: 60%
Magic:  6/6        EV: 14    Int:  7    God:
Gold:   105        SH:  0    Dex: 18    Spells: 5/5 levels left

rFire    . . .     SeeInvis .   a - +0 trident
rCold    . . .     Faith    .   (no shield)
rNeg     . . .     Spirit   .   b - +0 leather armour
rPois    .         Reflect  .   c - +0 helmet
rElec    .         Harm     .   (no cloak)
rCorr    .         Rampage  .   (no gloves)
Will     .....                  (no boots)
Stlth    +.........             (no amulet)
HPRegen  0.14/turn              (no ring)
MPRegen  0.10/turn              (no ring)

@: slowed, very slow
A: change form in water, amphibious, nimble swimmer 2
a: no special abilities


You were on level 3 of the Dungeon.
You visited 1 branch of the dungeon, and saw 3 of its levels.

You collected 105 gold pieces.

Inventory:

Hand Weapons
 a - a +0 trident (weapon)
Missiles
 d - 3 throwing nets (quivered)
Armour
 b - a +0 leather armour (worn)
 c - a +0 helmet (worn)
Scrolls
 g - a scroll of immolation {unknown}
 i - 3 scrolls of identify {unknown}
 k - a scroll of magic mapping {unknown}
Potions
 e - 2 potions of haste {unknown}
 f - a potion of flight {unknown}
 h - 2 potions of heal wounds {unknown}
 j - a potion of magic {unknown}
 l - a potion of curing {unknown}


   Skills:
 - Level 2.1 Fighting
 + Level 10.3 Polearms
 - Level 2.0 Throwing
 - Level 4.0 Dodging


You had 5 spell levels left.
You didn't know any spells.
Your spell library was empty.

Dungeon Overview and Level Annotations

Branches:
Dungeon (3/15)

Altars:
Hepliaklqana

Annotations:
D:3 1 runed translucent door, ArcanElement's ghost, amateur HuFi; Natasha


Innate Abilities, Weirdness & Mutations

You revert to your normal form in water.
You are amphibious.
You are quick and stealthy while swimming. (Stealth+, EV+, Speed+++)


Message History

Natasha casts a spell.
Natasha hisses.
Natasha is nearby!
Natasha wildly gestures.
Natasha's front paws start to glow.
There are monsters nearby!
The crimson imp shouts, "Kneel, thou qualling saucy foot-licker!"
The crimson imp blinks!
Natasha closely misses you.
You hit Natasha.
Natasha is lightly wounded.
You barely miss Natasha.
Natasha is lightly wounded.
Natasha claws you.
You hit Natasha.
Natasha is heavily wounded.
Natasha claws you.
You hit Natasha but do no damage.
Natasha is heavily wounded.
Natasha closely misses you.
You hit Natasha.
Natasha is severely wounded.
You miss Natasha.
Natasha is severely wounded.
Natasha claws you!
* * * LOW HITPOINT WARNING * * *
You closely miss Natasha.
Natasha is severely wounded.
Natasha stares at you and mumbles some strange words.
You feel yourself slow down.
You hit Natasha but do no damage.
Natasha is severely wounded.
Natasha casts a spell at you. The magic dart hits you.
* * * LOW HITPOINT WARNING * * *
You hit Natasha.
Natasha is severely wounded.
Natasha stares at you and mumbles some strange words.
The magic dart hits you!
You die...

#.#...... #.#####
#.#..#+#..+.....#
#...##.##..## #.#
##..##(..##..# #@# ....
#..##.....##.# #h# ...#
#..#⌠.!♣!.W#.# #.# ....#
...##.....##.# #†# ....#
##..##...##..###5#.....#
.....##⌠##.......#.....#
####..###....###.......#
.............# #.##..!5#
###.#'#......# #.# ...#


You could see Natasha and a crimson imp (summoned).

Vanquished Creatures
  An ogre (D:2)
  A phantom (D:2)
  An orc priest (D:3)
  Natasha (D:3)
  A worker ant (D:2)
  5 adders
  An ooze (D:3)
  2 dart slugs
  4 orcs (D:3)
  4 bats
  2 giant cockroaches (D:2)
  6 goblins
  11 hobgoblins
  10 jackals
  A quokka (D:2)
  2 ball pythons
  3 frilled lizards (D:1)
  4 kobolds
  8 rats
68 creatures vanquished.

Notes
Turn   | Place    | Note
-------+----------+-------------------------------------------
     0 | D:1      | CathedralCeilingFan the Merfolk Gladiator began the quest
                  | for the Orb.
     0 | D:1      | Reached XP level 1. HP: 16/16 MP: 1/1
    49 | D:1      | Reached skill level 5 in Polearms
    92 | D:1      | Reached XP level 2. HP: 22/22 MP: 2/2
   617 | D:1      | Reached skill level 6 in Polearms
   617 | D:1      | Reached XP level 3. HP: 27/27 MP: 3/3
  1178 | D:2      | Reached XP level 4. HP: 24/33 MP: 4/4
  1188 | D:2      | Reached skill level 7 in Polearms
  1402 | D:2      | Noticed an ogre
  1412 | D:2      | Killed an ogre
  1413 | D:2      | Reached skill level 8 in Polearms
  1413 | D:2      | Reached XP level 5. HP: 38/38 MP: 5/5
  1585 | D:2      | Noticed a phantom
  1613 | D:2      | Killed a phantom
  1614 | D:2      | Reached skill level 9 in Polearms
  1614 | D:2      | Reached XP level 6. HP: 19/44 MP: 6/6
  1802 | D:2      | Found a faded altar of an unknown god.
  1893 | D:2      | Found a hazy altar of Hepliaklqana.
  2389 | D:3      | Reached skill level 10 in Polearms
  2715 | D:3      | Noticed ArcanElement's ghost (amateur HuFi)
  2716 | D:3      | Found a runed translucent door.
  2739 | D:3      | Noticed Natasha
  2764 | D:3      | Killed Natasha
  2825 | D:3      | Noticed Natasha
  2842 | D:3      | Killed from afar by Natasha

Illustrated notes

Levels and vault maps discovered:
D:1:      lightli_molten_gateway, layout_loops_ring, minmay_unequal
D:2:      layout_rooms, lemuel_doored_altar, chequers_ecumenical_altar_grove,
          grunt_decor_cap, minmay_misc_feat_columns, grunt_decor_resistance
D:3:      layout_basic, hellmonk_ghost_happy_afterlife,
          trog_three_pillars_becter, uniq_robin, uniq_natasha

Skill      XL: |  1  2  3  4  5  6 |
---------------+-------------------+-----
Polearms       | 5 6 8 9 10 | 10.3
Fighting       | |  2.1
Throwing       | |  2.0
Dodging        | |  4.0

Action                   |  1- 3 |  4- 6 || total
-------------------------+-------+-------++-------
Melee: Trident           |   117 |   149 ||   266
 Stab: Sleeping          |     2 |     1 ||     3
       Distracted        |       |     1 ||     1
Armor: Leather armour    |    26 |    18 ||    44
Dodge: Dodged            |   103 |    82 ||   185

Table legend: (Time is in decaauts)
 A = Elapsed time spent in this place.
 B = Non-inter-level travel time spent in this place.
 C = Inter-level travel time spent in this place.
 D = Time resting spent in this place.
 E = Time spent auto-exploring this place.
 F = Levels seen in this place.
 G = Mean time per level.
                   A        B        C        D        E       F      G
               +--------+--------+--------+--------+--------+-----+--------+
         Total |   2819 |   2734 |     85 |    949 |   1390 |   3 |  939.7 |
       Dungeon |   2819 |   2734 |     85 |    949 |   1390 |   3 |  939.7 |
               +--------+--------+--------+--------+--------+-----+--------+

Top non-repeatable levels by time:
     D:2: 1151 daAuts
     D:1: 1106 daAuts
     D:3: 562 daAuts
